 Dungeon Crawl Stone Soup version 0.31-a0-435-g2c6fae2916 (webtiles) character file.

Game seed: 12464082876489289388

420 AdnanSaban the Cudgeller (level 6, -1/38 HPs)
             Began as a Gargoyle Fighter on Aug 1, 2023.
             Was an Initiate of Okawaru.
             Slain by an orc priest
             ... wielding a +0 flail
              (9 damage)
             ... on level 4 of the Dungeon.
             The game lasted 00:03:04 (3886 turns).

AdnanSaban the Cudgeller (Gargoyle Fighter)         Turns: 3886, Time: 00:03:05

Health: -1/38      AC: 13    Str: 22    XL:     6   Next: 94%
Magic:  6/6        EV: 10    Int:  8    God:    Okawaru [......]
Gold:   240        SH:  4    Dex:  9    Spells: 5/5 levels left

rFire   . . .        a - +0 flail
rCold   . . .        c - +0 buckler
rNeg    + . .        b - +0 scale mail
rPois   ∞            (no helmet)
rElec   +            k - +0 cloak
rCorr   .            o - +0 pair of gloves
SInv    .            (no boots)
Will    .....        (no amulet) Stlth
                     (no ring)
HPRegen 0.26/turn    (no ring)
MPRegen 0.10/turn

%: no passive effects
@: no status effects
A: sickness immunity, AC +4, negative energy resistance 1, electricity
resistance, torment resistance 1, petrification resistance
a: Renounce Religion


You were on level 4 of the Dungeon.
You worshipped Okawaru.
Okawaru was noncommittal.
You visited 2 branches of the dungeon, and saw 6 of its levels.

You collected 240 gold pieces.

Inventory:

Hand Weapons
 a - a +0 flail (weapon)
Missiles
 f - 7 poisoned darts (quivered)
 p - 6 javelins
Armour
 b - a +0 scale mail (worn)
 c - a +0 buckler (worn)
 k - a +0 cloak (worn)
 o - a +0 pair of gloves (worn)
Jewellery
 l - a +6 ring of strength
 w - an amulet of magic regeneration
 x - a ring of magical power
Scrolls
 g - a scroll of torment {unknown}
 h - 5 scrolls of identify {unknown}
 m - a scroll of summoning {unknown}
 s - a scroll of poison {unknown}
 v - a scroll of noise {unknown}
 y - a scroll of enchant armour {unknown}
 z - a scroll of teleportation {unknown}
Potions
 d - a potion of might
 e - a potion of attraction {unknown}
 i - 3 potions of curing {unknown}
 j - a potion of lignification {unknown}
 n - a potion of haste {unknown}
 q - a potion of heal wounds {unknown}
 r - 2 potions of degeneration {unknown}
 t - a potion of magic {unknown}
 u - 2 potions of ambrosia {unknown}


   Skills:
 + Level 4.0 Fighting
 + Level 5.1 Maces & Flails
 + Level 0.1 Throwing
 + Level 4.2 Armour
 + Level 1.6 Dodging
 + Level 0.1 Stealth
 + Level 4.5 Shields


You had 5 spell levels left.
You didn't know any spells.
Your spell library contained the following spells:

 Spells                   Type           Power      Damage    Failure   Level
 Necrotise                Necr           0%         1d4       80%         1
 Hailstorm                Conj/Ice       0%         3d3       99%         3
 Vampiric Draining        Necr           0%         2d6       99%         3
 Petrify                  Tmut/Erth      0%         N/A       100%        4
 Agony                    Necr           0%         N/A       100%        5
 Irradiate                Conj/Tmut      0%         3d11      100%        5
 Sublimation of Blood     Necr           Unusable   N/A       N/A         2
 Summon Ice Beast         Ice/Summ       Unusable   N/A       N/A         4
 Simulacrum               Ice/Necr       Unusable   N/A       N/A         6

Dungeon Overview and Level Annotations

Branches:
Dungeon (5/15)             Temple (1/1) D:4

Altars:
Cheibriados
Dithmenos
Elyvilon
Fedhas
Gozag
Kikubaaqudgha
Okawaru
Qazlal
Ru
Sif Muna
Trog
Uskayaw
Wu Jian
Xom
Zin
The Shining One

Shops:
D:3 *[=

Annotations:
D:4 exclusion: oklob plant


Innate Abilities, Weirdness & Mutations

You are immune to sickness and miasma.
Your stone body is resilient. (AC +4)
You are immune to poison.
You resist negative energy. (rN+)
You are resistant to electric shocks. (rElec)
You are resistant to unholy torment.
You are immune to petrification.


Message History

Beogh smites you!
There is a stone staircase leading up here.
The orc priest mumbles some strange prayers to Beogh against you.
Beogh smites you!
There is a stone staircase leading down here.
The orc priest attacks as you move away!
The orc priest hits you but does no damage.
There is a stone staircase leading up here.
The phantom closely misses you. You block the orc priest's attack.
You climb upwards.
Level annotation: exclusion: oklob plant
There is a stone staircase leading down here.
You are too injured to fight recklessly!
You closely miss the orc priest.
The phantom hits you but does no damage.
The orc priest barely misses you.
You hit the orc priest.
The orc priest is lightly wounded.
You block the phantom's attack.
The orc priest hits you but does no damage.
You sock the orc priest!
The orc priest is almost dead.
You block the phantom's attack.
The orc priest mumbles some strange prayers to Beogh against you.
Beogh smites you!
* * * LOW HITPOINT WARNING * * *
You barely miss the orc priest.
The orc priest is almost dead.
The phantom hits you but does no damage.
The orc priest hits you but does no damage.
You closely miss the orc priest.
The orc priest is almost dead.
The phantom misses you.
The orc priest hits you but does no damage.
You block the phantom's attack.
You closely miss the orc priest.
The orc priest is almost dead.
You block the orc priest's attack. The phantom barely misses you.
The orc priest hits you with a +0 flail!
You die...

#...............#
#...............#
#...............#
##.............##
##.....#.....### ##
#####.........#
.########.........#
.....<.........o.[#
#########.......@[#
#........W#
###########


You could see a phantom and an orc priest.

Vanquished Creatures
  An ice beast (D:4)
  2 hounds (D:4)
  3 orc wizards (D:4)
  9 adders
  A gnoll (D:1)
  2 worms
  3 dart slugs
  5 orcs
  7 ball pythons
  9 endoplasms
  2 giant cockroaches (D:4)
  10 goblins
  8 hobgoblins
  3 quokkas
  7 bats
  6 frilled lizards
  11 kobolds
  4 rats
93 creatures vanquished.

Notes
Turn   | Place    | Note
-------+----------+-------------------------------------------
     0 | D:1      | AdnanSaban the Gargoyle Fighter began the quest for the
                  | Orb.
     0 | D:1      | Reached XP level 1. HP: 14/14 MP: 1/1
    94 | D:1      | Reached XP level 2. HP: 1/19 MP: 2/2
   355 | D:1      | Reached XP level 3. HP: 16/23 MP: 3/3
  1253 | D:2      | Reached XP level 4. HP: 28/28 MP: 4/4
  1341 | D:2      | Reached skill level 3 in Maces & Flails
  1394 | D:2      | Reached skill level 1 in Dodging
  2030 | D:3      | Found Qyx Ekk's Antique Armour Shoppe.
  2084 | D:3      | Found a faded altar of an unknown god.
  2106 | D:3      | Reached XP level 5. HP: 29/33 MP: 5/5
  2251 | D:3      | Found a glowing silver altar of Zin.
  2276 | D:3      | Found Exixoydgh's Assorted Antiques.
  2442 | D:3      | Found Funo's Jewellery Shop.
  2699 | D:3      | Found a hide-covered altar of Uskayaw.
  3049 | D:4      | Reached skill level 4 in Maces & Flails
  3069 | D:4      | Found a blossoming altar of Fedhas.
  3097 | D:4      | Noticed an oklob plant
  3290 | D:4      | Reached XP level 6. HP: 36/38 MP: 6/6
  3323 | D:4      | Noticed an ice beast
  3335 | D:4      | Killed an ice beast
  3445 | D:4      | Found a staircase to the Ecumenical Temple.
  3454 | Temple   | Entered the Ecumenical Temple
  3485 | Temple   | Became a worshipper of Warmaster Okawaru
  3806 | D:5      | Entered Level 5 of the Dungeon
  3857 | D:4      | Reached skill level 5 in Maces & Flails
  3886 | D:4      | Slain by an orc priest

Illustrated notes

Levels and vault maps discovered:
D:1:      evilmike_arrival_crescent, layout_basic
D:2:      layout_loops_corners
D:3:      minmay_chambers_of_threes, layout_basic, mainiacjoe_overflow_alcove_1,
          general_overflow_altar, nicolae_ecumenical_snake_handling,
          serial_shops, shop, shop, shop
D:4:      layout_rooms, tgw_fedhas, minmay_temple_entry_enclosed_plants
D:5:      layout_loops_cross, overflow_temple_1_default, minmay_liquid_box,
          sigmund_edmund_badplayer, uniq_menkaure
Temple:   oiseaux_autumnal_temple

Skill      XL: |  1  2  3  4  5  6 |
---------------+-------------------+-----
Maces & Flails | 3 4 5 |  5.1
Dodging        | 1 |  1.6
Shields        | 4 |  4.5
Armour         | 4 |  4.2
Fighting       | 4 |  4.0
Throwing       | |  0.1
Stealth        | |  0.1

Action                     |  1- 3 |  4- 6 || total
---------------------------+-------+-------++-------
  Melee: Flail             |   114 |   221 ||   335
  Throw: Dart              |       |     4 ||     4
 Armour: Scale mail        |    62 |   140 ||   202
  Dodge: Dodged            |    52 |   105 ||   157
  Block: Buckler           |    23 |    49 ||    72

Table legend: (Time is in decaauts)
 A = Elapsed time spent in this place.
 B = Non-inter-level travel time spent in this place.
 C = Inter-level travel time spent in this place.
 D = Time resting spent in this place.
 E = Time spent auto-exploring this place.
 F = Levels seen in this place.
 G = Mean time per level.
                   A        B        C        D        E       F      G
               +--------+--------+--------+--------+--------+-----+--------+
         Total |   3986 |   3814 |    172 |      0 |   3050 |   6 |  664.3 |
       Dungeon |   3924 |   3812 |    112 |      0 |   3050 |   5 |  784.8 |
        Temple |     62 |      2 |     60 |      0 |      0 |   1 |   62.0 |
               +--------+--------+--------+--------+--------+-----+--------+

Top non-repeatable levels by time:
     D:1: 1066 daAuts
     D:2: 1008 daAuts
     D:3: 954 daAuts
     D:4: 841 daAuts
  Temple: 62 daAuts
     D:5: 53 daAuts
